 Dungeon Crawl Stone Soup version 0.29-a0-838-g385bb11a5b (webtiles) character file.

Game seed: 1594196200671657942

1932 zeratav the Tainter (level 9, -7/61 HPs)
             Began as an Octopode Venom Mage on July 13, 2022.
             Killed by divine providence
             ... invoked by an orc priest
              (12 damage)
             ... on level 6 of the Dungeon.
             The game lasted 00:20:52 (9335 turns).

zeratav the Tainter (Octopode Venom Mage)           Turns: 9335, Time: 00:20:53

Health: -7/61      AC:  1    Str:  6    XL:     9   Next: 17%
Magic:  6/12       EV: 15    Int: 29    God:
Gold:   369        SH:  0    Dex: 16    Spells: 2/12 levels left

rFire   . . .      SeeInvis +   t - +0 short sword (speed) {short}
rCold   . . .      Faith    .   (no shield)
rNeg    . . .      Spirit   .   (helmet restricted)
rPois   .          Reflect  .   (no amulet)
rElec   .          Harm     .   f - +6 ring of dexterity
rCorr   .          Rampage  .   g - ring of see invisible
Will    +....                   u - ring of willpower
Stlth   ++++......              (no ring)
HPRegen 0.20/turn               (no ring)
MPRegen 0.13/turn               (no ring)
                                (no ring)
                                (no ring)

@: unable to drink
A: almost no armour, amphibious, 8 rings, camouflage 1, gelatinous body 1,
(nimble swimmer 1), tentacles, tentacle spike 1, clever 2, inability to drink
while threatened 1
a: no special abilities


You were on level 6 of the Dungeon.
You visited 1 branch of the dungeon, and saw 6 of its levels.
You also visited: Ossuary.

You collected 369 gold pieces.


Innate Abilities, Weirdness & Mutations

You cannot wear most types of armour.
You are amphibious.
You can wear up to eight rings at the same time.
Your skin changes colour to match your surroundings (Stealth+).
Your rubbery body absorbs attacks. (AC +1, EV +1)
((You are camouflaged when in or above water. (Stealth+)))
You have tentacles for arms and can constrict up to eight enemies at once.
One of your tentacles bears a spike.
Your mind is very acute. (Int +8, Str/Dex -2)
You occasionally lose the ability to drink potions when taking damage.


   Skills:
 - Level 5.0 Fighting
 - Level 5.0 Dodging
 - Level 5.0 Stealth
 - Level 2.0 Spellcasting
 + Level 4.0 Transmutations
 + Level 3.7 Fire Magic
 - Level 9.0 Poison Magic


You had 2 spell levels left.
You knew the following spells:

 Your Spells              Type           Power      Damage    Failure   Level
a - Sting                 Tmut/Pois      100%       1d8       1%          1
b - Poisonous Vapours     Pois/Air       58%        N/A       1%          2
c - Olgreb's Toxic Radia  Pois           53%        N/A       1%          4
d - Ignite Poison         Fire/Tmut/Pois 35%        N/A       2%          3

Your spell library contained the following spells:

 Spells                   Type           Power      Damage    Failure   Level
 Passwall                 Tmut/Erth      11%        N/A       5%          2
 Sandblast                Erth           4%         2d4       9%          1
 Mephitic Cloud           Conj/Pois/Air  20%        N/A       8%          3
 Stone Arrow              Conj/Erth      4%         3d7       26%         3
 Freezing Cloud           Conj/Ice/Air   1%         6-21      93%         5

Inventory:

Hand Weapons
 n - a +0 dagger of venom {short}
   (You took it off a goblin on level 3 of the Dungeon)
 t - a +0 short sword of speed (weapon) {short}
   (You took it off an orc on level 5 of the Dungeon)
Jewellery
 f - a +6 ring of dexterity (left tentacle)
   (You found it on level 1 of the Dungeon)
 g - a ring of see invisible (right tentacle)
   (You found it on level 1 of the Dungeon)
 u - a ring of willpower (on tentacle)
   (You found it on level 5 of the Dungeon)
Wands
 b - a wand of mindburst (12)
   (You found it on level 6 of the Dungeon)
Scrolls
 c - a scroll of blinking {!r}
 d - a scroll of immolation {!r!r}
 h - a scroll of amnesia {unknown}
 i - 3 scrolls of teleportation {@r4}
 k - a scroll of brand weapon
 l - a scroll of acquirement
 m - 3 scrolls of magic mapping {!r}
 o - 4 scrolls of identify {@r1}
 r - a scroll of enchant weapon
 w - 2 scrolls of vulnerability {!r!r}
 y - a scroll of enchant armour {unknown}
Potions
 a - 2 potions of magic
 e - 5 potions of heal wounds {unknown}
 j - a potion of mutation {!q}
 p - a potion of attraction {unknown}
 q - a potion of cancellation {unknown}
 s - 2 potions of brilliance
 x - a potion of lignification {unknown}

Dungeon Overview and Level Annotations

Branches:
Dungeon (6/15) Zot: 26256 Ossuary (visited)
 Temple: D:4-7

Altars:
Ashenzari

Annotations:
D:3 1 runed translucent door, exclusion: downstairs, Crazy Yiuf
D:4 exclusion: downstairs
D:6 exclusion: upstairs

.###.###.......#.#....#
.+.....+...#..##......#
.###.###.......##.....##
...#.#....###..##.....o##########
...#'#†..## #...#.#....c.##.>....
..........# #.....#.##.#.##......
.......(†.# ###..#..##...........
.##.......####.....####.##.......
##.............#@...###.##.......
##...#....######......#..##......
...##....### ###..###.##.##......
......##)..###....# .# .##c.....
.....#####........### o .....####
.....### ####.##...... ......#
.......# #<#####.## ......#
....##.# ##.# .##.....## ....#
.#####.)### ........


You could see an orc priest.


Message History

You feel a bit more experienced.
MP[+1]
You start resting.
MP[+7]
Your mp is fully restored (12).
You now have 330 gold pieces (gained 6).
You now have 342 gold pieces (gained 12).
Found a stone staircase leading up.
y - a scroll labelled LONLUGA RUQYSS You now have 356 gold pieces (gained 14).
There is a stone staircase leading up here.
An adder comes into view.
Casting: Olgreb's Toxic Radiance (dangerous; 1% risk of failure)
Confirm with . or Enter, or press ? or * to list all spells.
You miscast Olgreb's Toxic Radiance.
You are very lightly contaminated with residual magic.
Nothing appears to happen.
MP[-4]
You lost 4 mp, and now have 8/12 mp.
Casting: Olgreb's Toxic Radiance (dangerous; 1% risk of failure)
Confirm with . or Enter, or press ? or * to list all spells.
You begin to radiate toxic energy.
The adder hisses angrily.
The adder is poisoned.
The adder looks even sicker.
MP[-4]
You lost 4 mp, and now have 4/12 mp.
The adder looks even sicker.
Your toxic aura wanes.
The adder closely misses you.
You barely miss the adder. Your grab misses the adder. You squeeze the adder.
You kill the adder!
No target in view!
Your magical contamination has completely faded away.
Found a stone staircase leading down.
MP[+8]
Your mp is fully restored (12).
You now have 369 gold pieces (gained 13).
An adder comes into view.
The adder hisses angrily.
Casting: Olgreb's Toxic Radiance (dangerous; 1% risk of failure)
Confirm with . or Enter, or press ? or * to list all spells.
You begin to radiate toxic energy.
The adder is poisoned.
The adder looks even sicker.
A centaur comes into view.
MP[-4]
You lost 4 mp, and now have 8/12 mp.
The centaur shouts!
The centaur is poisoned.
The centaur wields a +0 shortbow.
The centaur shoots an arrow.
The arrow closely misses you.
Your toxic aura wanes.
The centaur shoots an arrow.
The arrow hits you!
You hear a shout!
HP[-9]
You take 9 damage, and now have 52/61 hp.
Casting: Olgreb's Toxic Radiance (dangerous; 1% risk of failure)
Confirm with . or Enter, or press ? or * to list all spells.
You begin to radiate toxic energy.
You kill the adder!
Your Transmutations skill increases to level 4!
MP[-4]
You lost 4 mp, and now have 4/12 mp.
Your toxic aura wanes.
The centaur shoots an arrow.
The arrow closely misses you.
The centaur shoots an arrow.
The arrow barely misses you.
The centaur looks more healthy.
The centaur shoots an arrow.
The arrow barely misses you.
The centaur shoots an arrow.
The arrow hits you!
HP[-11] MP[+1]
You take 11 damage, and now have 41/61 hp.
An orc priest comes into view. It is wielding a +0 mace.
The centaur shoots an arrow.
The arrow barely misses you.
The centaur shoots an arrow.
The arrow closely misses you.
HP[+1]
The centaur shoots an arrow.
The arrow hits you!
The centaur shoots an arrow.
The arrow completely misses you.
HP[-9]
You take 9 damage, and now have 33/61 hp.
The centaur shoots an arrow.
The arrow hits you.
* * * LOW HITPOINT WARNING * * *
The centaur shoots an arrow.
The arrow hits you!
You feel threatened and lose the ability to drink potions!
* * * LOW HITPOINT WARNING * * *
HP[-18] MP[+1]
You take 18 damage, and now have 15/61 hp.
MASSIVE DAMAGE!! (PAUSE)
An orc comes into view. It is wielding a +0 hand axe.
HP[+1]
The centaur shoots an arrow.
The arrow hits you!
* * * LOW HITPOINT WARNING * * *
HP[-11]
You take 11 damage, and now have 5/61 hp.
Read: scroll of fear
Press: ? - help, Q - select action, (/) - cycle Dir - look around, f - activate Look: a centaur, wielding a +0 shortbow (heavily wounded, chance to affect: 97%)
As you read the scroll of fear, it crumbles to dust.
You assume a fearsome visage.
The centaur looks frightened!
The orc looks frightened!
The orc priest shouts!
The orc priest invokes the aid of Beogh against you.
Beogh smites you!
You die...

Skill      XL: |  1  2  3  4  5  6  7  8  9 |
---------------+----------------------------+-----
Stealth        | 3 4 5 |  5.0
Poison Magic   | 4 5 6 8 9 |  9.0
Fighting       | 3 5 |  5.0
Dodging        | 3 5 |  5.0
Fire Magic     | 2 3 |  3.7
Transmutations | 3 4 |  4.0
Spellcasting   | |  2.0

Action                   |  1- 3 |  4- 6 |  7- 9 || total
-------------------------+-------+-------+-------++-------
Melee: Dagger            |    67 |    85 |    94 ||   246
       Constrict         |    16 |    24 |    46 ||    86
       Tentacles         |    13 |    12 |    45 ||    70
       Short sword       |       |       |    65 ||    65
       Punch             |       |       |     8 ||     8
       Kick              |       |       |    58 ||    58
 Cast: Sting             |    10 |    39 |     8 ||    57
       Poisonous Vapours |       |    39 |    36 ||    75
       Olgreb's Toxic Ra |       |       |    20 ||    20
  Use: Scroll            |       |       |    12 ||    12
       Potion            |       |       |     7 ||     7
 Stab: Sleeping          |    18 |     5 |    11 ||    34
       Distracted        |       |     1 |       ||     1
Armor: Skin              |     9 |     4 |     6 ||    19
Dodge: Dodged            |    30 |    65 |    94 ||   189

Levels and vault maps discovered:
D:1:      nzn_arrival_crosshair, layout_loops_ring,
          shapermc_ecumenical_altar_acropolis, dk_noncrumbling_4
D:2:      layout_loops_corners
D:3:      layout_basic, grunt_decor_junction, uniq_crazy_yiuf_cottage,
          uniq_robin
D:4:      layout_basic, mainiacjoe_overflow_catwalk, minmay_gold_behind_fungi
D:5:      cheibrodos_iron_armory, layout_cave_pods, wad_floor_pattern_untrapped
D:6:      layout_rooms, mainiacjoe_overflow_catch_the_wave,
          nicolae_ossuary_entry_plus

Notes
Turn   | Place    | Note
-------+----------+-------------------------------------------
     0 | D:1      | zeratav the Octopode Venom Mage began the quest for the
                  | Orb.
     0 | D:1      | Reached XP level 1. HP: 11/11 MP: 3/3
     0 | D:1      | magus.rc [v1.9.6]
   138 | D:1      | Reached skill level 3 in Stealth
   266 | D:1      | Reached XP level 2. HP: 17/17 MP: 5/5
   343 | D:1      | Reached skill level 4 in Poison Magic
   476 | D:1      | Found a faded altar of an unknown god.
  1058 | D:2      | Reached XP level 3. HP: 21/21 MP: 6/6
  1119 | D:2      | Reached skill level 4 in Stealth
  2013 | D:3      | Noticed Robin
  2048 | D:3      | Reached XP level 4. HP: 9/27 MP: 3/7
  2093 | D:3      | HP: 5/27 [Robin/+0 club (5)]
  2098 | D:2      | Killed Robin
  2369 | D:3      | Reached skill level 5 in Poison Magic
  2578 | D:3      | Found a runed translucent door.
  2579 | D:3      | Noticed Crazy Yiuf
  2670 | D:3      | Learned a level 2 spell: Poisonous Vapours
  2691 | D:3      | Reached skill level 5 in Stealth
  2949 | D:3      | Reached XP level 5. HP: 31/31 MP: 8/8
  2959 | D:3      | Reached skill level 6 in Poison Magic
  3344 | D:3      | You pick up a book of Geomancy and begin reading...
  3344 | D:3      | You add the spells Sandblast, Passwall and Stone Arrow to
                  | your library.
  4274 | D:4      | Found a broken altar of Ashenzari.
  4291 | D:4      | Reached XP level 6. HP: 19/36 MP: 5/9
  4356 | D:4      | Reached skill level 7 in Poison Magic
  5267 | D:4      | Reached skill level 8 in Poison Magic
  5512 | D:5      | Entered Level 5 of the Dungeon
  5520 | D:5      | Reached XP level 7. HP: 41/41 MP: 0/10
  5750 | D:4      | Reached skill level 9 in Poison Magic
  6086 | D:5      | Reached skill level 1 in Fighting
  6668 | D:5      | Reached skill level 2 in Fighting
  6668 | D:5      | Reached skill level 3 in Dodging
  6973 | D:5      | Identified a scroll of acquirement
  6978 | D:5      | Acquired a Trismegistus Codex
  6979 | D:5      | You add the spells Ignite Poison and Freezing Cloud to your
                  | library.
  6985 | D:5      | Learned a level 4 spell: Olgreb's Toxic Radiance
  7724 | D:5      | Gained mutation: One of your tentacles bears a spike.
                  | [potion of mutation]
  7724 | D:5      | Gained mutation: Your mind is acute. (Int +4, Str/Dex -1)
                  | [potion of mutation]
  7724 | D:5      | Gained mutation: You occasionally lose the ability to drink
                  | potions when taking damage. [potion of mutation]
  7724 | D:5      | Gained mutation: Your mind is very acute. (Int +8, Str/Dex
                  | -2) [potion of mutation]
  7777 | D:5      | Noticed a rust devil
  7777 | D:5      | Noticed a rust devil
  7792 | D:6      | Reached skill level 3 in Fighting
  7792 | D:6      | Reached XP level 8. HP: 36/52 MP: 9/11
  7926 | D:6      | Reached skill level 4 in Dodging
  8015 | D:6      | Found a sand-covered staircase.
  8021 | Ossuary  | Entered an ossuary
  8097 | Ossuary  | Reached skill level 4 in Fighting
  8421 | Ossuary  | Reached skill level 5 in Dodging
  8424 | Ossuary  | Reached skill level 5 in Fighting
  8604 | Ossuary  | Reached skill level 1 in Fire Magic
  8646 | Ossuary  | Reached skill level 2 in Transmutations
  8652 | Ossuary  | Reached skill level 2 in Fire Magic
  8712 | Ossuary  | Reached skill level 3 in Transmutations
  8712 | Ossuary  | Reached XP level 9. HP: 61/61 MP: 7/12
  8848 | D:6      | Reached skill level 3 in Fire Magic
  9074 | D:6      | Learned a level 3 spell: Ignite Poison
  9318 | D:6      | Reached skill level 4 in Transmutations
  9329 | D:6      | HP: 15/61 [centaur/arrow (12)]
  9332 | D:6      | HP: 5/61 [centaur/arrow (11)]
  9335 | D:6      | Killed from afar by an orc priest

Vanquished Creatures
  A black bear (D:6)
  3 ogres
  A phantom (D:6)
  A gnoll sergeant (D:6)
  9 scorpions
  2 orc priests
  A jelly (D:5)
  4 hounds
  A human zombie (Ossuary)
  2 gnoll boudas
  2 iguanas
  5 scorpion zombies (Ossuary)
  3 orc wizards
  Robin (D:2)
  3 mummies (Ossuary)
  14 gnolls
  7 adders
  A shadow imp (D:5)
  4 worms
  3 dart slugs
  33 orcs
  6 bats
  9 endoplasms
  A giant cockroach (D:2)
  2 gnoll zombies (Ossuary)
  11 goblins
  10 hobgoblins
  3 quokkas
  5 ball pythons
  A frilled lizard (D:3)
  A goblin zombie (Ossuary)
  2 hobgoblin zombies (Ossuary)
  5 kobolds
  2 kobold zombies (Ossuary)
  3 orc zombies (Ossuary)
  8 rats
170 creatures vanquished.

Vanquished Creatures (others)
  3 toadstools (D:4)
3 creatures vanquished.

Grand Total: 173 creatures vanquished

Table legend:
 A = Non-vault XP
 B = Vault XP
 C = Vault XP percentage of total XP
 D = Non-vault monster count
 E = Vault monster count
 F = Vault count percentage of total count
                 A         B        C        D         E       F
            +---------+---------+-------+---------+---------+-------
      Total |    1856 |     904 |  32.8 |     133 |      37 |  21.8
            +---------+---------+-------+---------+---------+-------
        D:1 |      32 |       0 |   0.0 |      19 |       0 |   0.0
        D:2 |      33 |      16 |  32.7 |      15 |       1 |   6.2
        D:3 |     126 |      20 |  13.7 |      23 |      10 |  30.3
        D:4 |     363 |       0 |   0.0 |      26 |       0 |   0.0
        D:5 |     587 |       0 |   0.0 |      34 |       0 |   0.0
        D:6 |     715 |       0 |   0.0 |      16 |       0 |   0.0
    Ossuary |       0 |     868 | 100.0 |       0 |      26 | 100.0
            +---------+---------+-------+---------+---------+-------

Illustrated notes

Table legend:
 A = Kills in this place as a percentage of kills in entire the game.
 B = Kills by you in this place as a percentage of kills by you in the entire game.
 C = Kills by friends in this place as a percentage of kills by friends in the entire game.
 D = Other kills in this place as a percentage of other kills in the entire game.
 E = Experience gained in this place as a percentage of experience gained in the entire game.
 F = Experience gained in this place divided by the number of levels of this place that you have seen.
                   A       B       C       D       E      F
               +-------+-------+-------+-------+-------+----------------------
         Total | 100.0 | 100.0 |   N/A |   N/A | 100.0 | 394.3
       Dungeon |  84.7 |  84.7 |   N/A |   N/A |  68.6 | 315.3
       Ossuary |  15.3 |  15.3 |   N/A |   N/A |  31.4 | 868.0
               +-------+-------+-------+-------+-------+----------------------

Table legend: (Time is in decaauts)
 A = Elapsed time spent in this place.
 B = Non-inter-level travel time spent in this place.
 C = Inter-level travel time spent in this place.
 D = Time resting spent in this place.
 E = Time spent auto-exploring this place.
 F = Levels seen in this place.
 G = Mean time per level.
                   A        B        C        D        E       F      G
               +--------+--------+--------+--------+--------+-----+--------+
         Total |   9339 |   8821 |    518 |   2853 |   4190 |   7 | 1334.1 |
       Dungeon |   8519 |   8001 |    518 |   2478 |   4005 |   6 | 1419.8 |
       Ossuary |    819 |    819 |      0 |    375 |    185 |   1 |  819.0 |
               +--------+--------+--------+--------+--------+-----+--------+

Top non-repeatable levels by time:
     D:4: 2192 daAuts
     D:5: 1760 daAuts
     D:3: 1604 daAuts
     D:2: 1172 daAuts
     D:1: 1049 daAuts
 Ossuary: 819 daAuts
     D:6: 740 daAuts
